Workbook
Name Mini_Total: 'All Locations'!$B$5:$E$5
Name Mini1_Fixed_Costs: 'Product Mix'!$B$11
Name Mini1_Price: 'Product Mix'!$B$6
Name Mini1_Profit: 'Product Mix'!$B$17
Name Mini1_Sales: 'Product Mix'!$B$7
Name Mini1_Units_Sold: 'Product Mix'!$B$5
Name Mini1_Variable_Cost: 'Product Mix'!$B$12
Name Mini2_Fixed_Costs: 'Product Mix'!$C$11
Name Mini2_Price: 'Product Mix'!$C$6
Name Mini2_Profit: 'Product Mix'!$C$17
Name Mini2_Sales: 'Product Mix'!$C$7
Name Mini2_Units_Sold: 'Product Mix'!$C$5
Name Mini2_Variable_Cost: 'Product Mix'!$C$12
Name Slicer_Product: #N/A
Name Voice_Activated_Total: 'All Locations'!$B$6:$E$6
Name VoiceXP_Fixed_Costs: 'Product Mix'!$D$11
Name VoiceXP_Price: 'Product Mix'!$D$6
Name VoiceXP_Profit: 'Product Mix'!$D$17
Name VoiceXP_Sales: 'Product Mix'!$D$7
Name VoiceXP_Units_Sold: 'Product Mix'!$D$5
Name VoiceXP_Variable_Cost: 'Product Mix'!$D$12
Name VoiceXP10_Fixed_Costs: 'Product Mix'!$E$11
Name VoiceXP10_Price: 'Product Mix'!$E$6
Name VoiceXP10_Profit: 'Product Mix'!$E$17
Name VoiceXP10_Sales: 'Product Mix'!$E$7
Name VoiceXP10_Units_Sold: 'Product Mix'!$E$5
Name VoiceXP10_Variable_Cost: 'Product Mix'!$E$12
Name Waterproof_Fixed_Costs: 'Product Mix'!$F$11
Name Waterproof_Price: 'Product Mix'!$F$6
Name Waterproof_Profit: 'Product Mix'!$F$17
Name Waterproof_Sales: 'Product Mix'!$F$7
Name Waterproof_Total: 'All Locations'!$B$7:$E$7
Name Waterproof_Units_Sold: 'Product Mix'!$F$5
Name Waterproof_Variable_Cost: 'Product Mix'!$F$12

Sheet Documentation
B1: New Perspectives Excel 2019 | Modules 5-8: SAM Capstone Project 1a
B3: NewSight Consulting
B4: ANALYZE DATA WITH TABLES AND WHAT-IF TOOLS
A6: Author: | B6: Marita Ebrilian
A8: Note: Do not edit this sheet. If your name does not appear in cell B6, please download a new copy of the file from the SAM website.

Sheet U.S.
A3: 2021 Sales: United States
A4: Type | B4: Q1 | C4: Q2 | D4: Q3 | E4: Q4 | F4: Total
A5: Mini | B5: 1021 | C5: 1025 | D5: 1076 | E5: 1027 | F5: =SUM(B5:E5) -> 4149
A6: Voice-activated | B6: 987 | C6: 990 | D6: 1015 | E6: 1016 | F6: =SUM(B6:E6) -> 4008
A7: Waterproof | B7: 815 | C7: 826 | D7: 834 | E7: 859 | F7: =SUM(B7:E7) -> 3334
A8: Total | B8: =SUM(B5:B7) -> 2823 | C8: =SUM(C5:C7) -> 2841 | D8: =SUM(D5:D7) -> 2925 | E8: =SUM(E5:E7) -> 2902 | F8: =SUM(F5:F7) -> 11491
A10: in $000

Sheet Canada
A3: 2021 Sales: Canada
A4: Type | B4: Q1 | C4: Q2 | D4: Q3 | E4: Q4 | F4: Total
A5: Mini | B5: 604 | C5: 609 | D5: 601 | E5: 602 | F5: =SUM(B5:E5) -> 2416
A6: Voice-activated | B6: 497 | C6: 495 | D6: 502 | E6: 523 | F6: =SUM(B6:E6) -> 2017
A7: Waterproof | B7: 429 | C7: 423 | D7: 431 | E7: 435 | F7: =SUM(B7:E7) -> 1718
A8: Total | B8: =SUM(B5:B7) -> 1530 | C8: =SUM(C5:C7) -> 1527 | D8: =SUM(D5:D7) -> 1534 | E8: =SUM(E5:E7) -> 1560 | F8: =SUM(F5:F7) -> 6151
A10: in $000

Sheet Mexico
A3: 2021 Sales: Mexico
A4: Type | B4: Q1 | C4: Q2 | D4: Q3 | E4: Q4 | F4: Total
A5: Mini | B5: 741 | C5: 740 | D5: 744 | E5: 750 | F5: =SUM(B5:E5) -> 2975
A6: Voice-activated | B6: 328 | C6: 312 | D6: 327 | E6: 324 | F6: =SUM(B6:E6) -> 1291
A7: Waterproof | B7: 504 | C7: 506 | D7: 499 | E7: 503 | F7: =SUM(B7:E7) -> 2012
A8: Total | B8: =SUM(B5:B7) -> 1573 | C8: =SUM(C5:C7) -> 1558 | D8: =SUM(D5:D7) -> 1570 | E8: =SUM(E5:E7) -> 1577 | F8: =SUM(F5:F7) -> 6278
A10: in $000

Sheet All Locations
A3: 2021 Sales: All Locations | I3: Managers
A4: Type | B4: Q1 | C4: Q2 | D4: Q3 | E4: Q4 | F4: Total | G4: 2020 Total | I4: Country | J4: Name | K4: Location | L4: Email Address
A5: Mini | B5: =SUM('U.S.:Mexico'!B5) -> 2366 | C5: =SUM('U.S.:Mexico'!C5) -> 2374 | D5: =SUM('U.S.:Mexico'!D5) -> 2421 | E5: =SUM('U.S.:Mexico'!E5) -> 2379 | F5: =SUM(Mini_Total) -> 9540 | G5: =[1]alllocations!F5 -> #REF! | I5: U.S. | J5: Todd Fenton | K5: Knoxville | L5: tfenton@example.com
A6: Voice-activated | B6: =SUM('U.S.:Mexico'!B6) -> 1812 | C6: =SUM('U.S.:Mexico'!C6) -> 1797 | D6: =SUM('U.S.:Mexico'!D6) -> 1844 | E6: =SUM('U.S.:Mexico'!E6) -> 1863 | F6: =SUM(Voice_Activated_Total) -> 7316 | I6: Canada | J6: Natalie Pierre | K6: Windsor | L6: npierre@example.com
A7: Waterproof | B7: =SUM('U.S.:Mexico'!B7) -> 1748 | C7: =SUM('U.S.:Mexico'!C7) -> 1755 | D7: =SUM('U.S.:Mexico'!D7) -> 1764 | E7: =SUM('U.S.:Mexico'!E7) -> 1797 | F7: =SUM(Waterproof_Total) -> 7064 | I7: Mexico | J7: Vicente Medina | K7: Juarez | L7: vmedina@example.com
A8: Total | B8: =SUM(B5:B7) -> 5926 | C8: =SUM(C5:C7) -> 5926 | D8: =SUM(D5:D7) -> 6029 | E8: =SUM(E5:E7) -> 6039 | F8: =SUM(F5:F7) -> 23920
I9: Management Details
A10: in $000
A12: Performance | B12: =HLOOKUP(B8,$B$14:$F$15,2,TRUE) -> Good | C12: =HLOOKUP(C8,$B$14:$F$15,2,TRUE) -> Good | D12: =HLOOKUP(D8,$B$14:$F$15,2,TRUE) -> Very good | E12: =HLOOKUP(E8,$B$14:$F$15,2,TRUE) -> Very good
A14: Revenue Amts | B14: 5700 | C14: 5800 | D14: 5900 | E14: 6000 | F14: 6100
A15: Rating | B15: Poor | C15: Fair | D15: Good | E15: Very good | F15: Fantastic | I15: `

Sheet January Pivot
A3: Sales (000s) | B3: Channel
A4: Country | B4: DIG website | C4: Other website | D4: Store | E4: Grand Total
A5: Canada | B5: 119.99 | D5: 119.99 | E5: 239.98
A6: Mexico | D6: 119.99 | E6: 119.99
A7: U.S. | B7: 239.98 | C7: 599.95 | E7: 839.93
A8: Grand Total | B8: 359.97 | C8: 599.95 | D8: 239.98 | E8: 1199.9

Sheet Current Sales
A3: Monthly Sales: January 2022 | I3: Product Details
A4: Sale ID | B4: Channel Type | C4: Date | D4: Product | E4: Location | F4: Amount | G4: Promotion? | I4: Product ID | J4: Name | K4: Color | L4: No. of Speakers | M4: Retail Price
A5: DW-1033 | B5: DIG website | C5: 44564 | D5: Mini 2 | E5: U.S. | F5: 129.99 | G5: =AND(Sales[[#This Row],[Product]]="Mini 2",Sales[[#This Row],[Location]]="U.S.") -> TRUE | I5: M2016 | J5: Mini 1 | K5: Black | L5: 1 | M5: 119.99
A6: OW-1041 | B6: Other website | C6: 44564 | D6: Voice XP | E6: U.S. | F6: 139.99 | G6: =AND(Sales[[#This Row],[Product]]="Mini 2",Sales[[#This Row],[Location]]="U.S.") -> FALSE | I6: M2018 | J6: Mini 1 | K6: Silver | L6: 1 | M6: 119.99
A7: DW-1039 | B7: DIG website | C7: 44565 | D7: Mini 1 | E7: Canada | F7: 119.99 | G7: =AND(Sales[[#This Row],[Product]]="Mini 2",Sales[[#This Row],[Location]]="U.S.") -> FALSE | I7: M2020 | J7: Mini 1 | K7: White | L7: 1 | M7: 119.99
A8: DW-1040 | B8: DIG website | C8: 44565 | D8: Voice XP10 | E8: U.S. | F8: 145.95 | G8: =AND(Sales[[#This Row],[Product]]="Mini 2",Sales[[#This Row],[Location]]="U.S.") -> FALSE | I8: M2205 | J8: Mini 2 | K8: Black | L8: 2 | M8: 129.99
A9: ST-1134 | B9: Store | C9: 44566 | D9: Mini 1 | E9: Mexico | F9: 119.99 | G9: =AND(Sales[[#This Row],[Product]]="Mini 2",Sales[[#This Row],[Location]]="U.S.") -> FALSE | I9: M2210 | J9: Mini 2 | K9: Silver | L9: 2 | M9: 129.99
A10: OW-1047 | B10: Other website | C10: 44566 | D10: Waterproof | E10: Mexico | F10: 135.95 | G10: =AND(Sales[[#This Row],[Product]]="Mini 2",Sales[[#This Row],[Location]]="U.S.") -> FALSE | I10: M2215 | J10: Mini 2 | K10: White | L10: 2 | M10: 129.99
A11: DW-1070 | B11: DIG website | C11: 44567 | D11: Voice XP10 | E11: Canada | F11: 145.95 | G11: =AND(Sales[[#This Row],[Product]]="Mini 2",Sales[[#This Row],[Location]]="U.S.") -> FALSE | I11: V3010 | J11: Voice XP | K11: Black | L11: 2 | M11: 139.99
A12: DW-1049 | B12: DIG website | C12: 44568 | D12: Mini 2 | E12: U.S. | F12: 129.99 | G12: =AND(Sales[[#This Row],[Product]]="Mini 2",Sales[[#This Row],[Location]]="U.S.") -> TRUE | I12: V3012 | J12: Voice XP | K12: White | L12: 2 | M12: 139.99
A13: ST-1142 | B13: Store | C13: 44568 | D13: Voice XP | E13: Canada | F13: 139.99 | G13: =AND(Sales[[#This Row],[Product]]="Mini 2",Sales[[#This Row],[Location]]="U.S.") -> FALSE | I13: V3220 | J13: Voice XP 10 | K13: Black | L13: 3 | M13: 145.95
A14: DW-1053 | B14: DIG website | C14: 44569 | D14: Mini 1 | E14: U.S. | F14: 119.99 | G14: =AND(Sales[[#This Row],[Product]]="Mini 2",Sales[[#This Row],[Location]]="U.S.") -> FALSE | I14: V3225 | J14: Voice XP 10 | K14: White | L14: 3 | M14: 145.95
A15: OW-1102 | B15: Other website | C15: 44571 | D15: Voice XP | E15: Mexico | F15: 139.99 | G15: =AND(Sales[[#This Row],[Product]]="Mini 2",Sales[[#This Row],[Location]]="U.S.") -> FALSE | I15: W4150 | J15: Waterproof | K15: Black | L15: 2 | M15: 135.95
A16: OW-1104 | B16: Other website | C16: 44572 | D16: Mini 2 | E16: U.S. | F16: 129.99 | G16: =AND(Sales[[#This Row],[Product]]="Mini 2",Sales[[#This Row],[Location]]="U.S.") -> TRUE | I16: W4155 | J16: Waterproof | K16: White | L16: 2 | M16: 135.95
A17: OW-1150 | B17: Other website | C17: 44573 | D17: Mini 1 | E17: U.S. | F17: 119.99 | G17: =AND(Sales[[#This Row],[Product]]="Mini 2",Sales[[#This Row],[Location]]="U.S.") -> FALSE
A18: OW-1108 | B18: Other website | C18: 44573 | D18: Waterproof | E18: U.S. | F18: 135.95 | G18: =AND(Sales[[#This Row],[Product]]="Mini 2",Sales[[#This Row],[Location]]="U.S.") -> FALSE
A19: DW-1059 | B19: DIG website | C19: 44574 | D19: Mini 1 | E19: U.S. | F19: 119.99 | G19: =AND(Sales[[#This Row],[Product]]="Mini 2",Sales[[#This Row],[Location]]="U.S.") -> FALSE
A20: ST-1148 | B20: Store | C20: 44575 | D20: Mini 1 | E20: Canada | F20: 119.99 | G20: =AND(Sales[[#This Row],[Product]]="Mini 2",Sales[[#This Row],[Location]]="U.S.") -> FALSE
A21: OW-1123 | B21: Other website | C21: 44576 | D21: Voice XP | E21: U.S. | F21: 139.99 | G21: =AND(Sales[[#This Row],[Product]]="Mini 2",Sales[[#This Row],[Location]]="U.S.") -> FALSE
A22: OW-1126 | B22: Other website | C22: 44577 | D22: Voice XP10 | E22: U.S. | F22: 145.95 | G22: =AND(Sales[[#This Row],[Product]]="Mini 2",Sales[[#This Row],[Location]]="U.S.") -> FALSE
A23: DW-1071 | B23: DIG website | C23: 44578 | D23: Mini 2 | E23: U.S. | F23: 129.99 | G23: =AND(Sales[[#This Row],[Product]]="Mini 2",Sales[[#This Row],[Location]]="U.S.") -> TRUE
A24: OW-1130 | B24: Other website | C24: 44578 | D24: Mini 2 | E24: U.S. | F24: 129.99 | G24: =AND(Sales[[#This Row],[Product]]="Mini 2",Sales[[#This Row],[Location]]="U.S.") -> TRUE
A25: DW-1061 | B25: DIG website | C25: 44579 | D25: Mini 2 | E25: U.S. | F25: 129.99 | G25: =AND(Sales[[#This Row],[Product]]="Mini 2",Sales[[#This Row],[Location]]="U.S.") -> TRUE
A26: OW-1132 | B26: Other website | C26: 44580 | D26: Voice XP | E26: Canada | F26: 139.99 | G26: =AND(Sales[[#This Row],[Product]]="Mini 2",Sales[[#This Row],[Location]]="U.S.") -> FALSE
A27: OW-1134 | B27: Other website | C27: 44581 | D27: Mini 1 | E27: U.S. | F27: 119.99 | G27: =AND(Sales[[#This Row],[Product]]="Mini 2",Sales[[#This Row],[Location]]="U.S.") -> FALSE
A28: OW-1155 | B28: Other website | C28: 44581 | D28: Mini 1 | E28: U.S. | F28: 119.99 | G28: =AND(Sales[[#This Row],[Product]]="Mini 2",Sales[[#This Row],[Location]]="U.S.") -> FALSE
... A39: ST-1153 | B39: Store | C39: 44592 | D39: Mini 2 | E39: U.S. | F39: 129.99 | G39: =AND(Sales[[#This Row],[Product]]="Mini 2",Sales[[#This Row],[Location]]="U.S.") -> TRUE

Sheet Sales Projections
A3: New Product: Virtual Assistant | D3: Virtual Assistant: Gross Profit Analysis
A4: Sales | D4: =B22 -> 294780 | E4: 129.99 | F4: 139.99 | G4: 149.99 | H4: 159.99 | I4: 169.99 | J4: 179.99 | K4: 189.99
A5: Units sold | B5: 22000 | D5: 18000 | E5: -345180 | F5: -165180 | G5: 14820 | H5: 194820 | I5: 374820 | J5: 554820 | K5: 734820
A6: Price per unit | B6: 159.99 | D6: 20000 | E6: -355200 | F6: -155200 | G6: 44800 | H6: 244800 | I6: 444800 | J6: 644800 | K6: 844800
A7: Total sales | B7: =B5*B6 -> 3519780 | D7: 22000 | E7: -365220 | F7: -145220 | G7: 74780 | H7: 294780 | I7: 514780 | J7: 734780 | K7: 954780
D8: 24000 | E8: -375240 | F8: -135240 | G8: 104760 | H8: 344760 | I8: 584760 | J8: 824760 | K8: 1064760
A9: Expenses | D9: 26000 | E9: -385260 | F9: -125260 | G9: 134740 | H9: 394740 | I9: 654740 | J9: 914740 | K9: 1174740
A10: Variable expenses
A11: Units manufactured | B11: =B5 -> 22000
A12: Variable cost per unit | B12: 135
A13: Total variable costs | B13: =B11*B12 -> 2970000
A14: Fixed Expenses
A15: Total fixed cost | B15: 255000
A16: Total expenses | B16: =B13+B15 -> 3225000
A17: Total expense per unit sold | B17: =IFERROR(B16/B11,"Divide total expenses by units manufactured") -> 146.59091
A19: Profit
A20: Total sales | B20: =B7 -> 3519780
A21: Total expenses | B21: =B16 -> 3225000
A22: Gross profit | B22: =B20-B21 -> 294780

Sheet Answer Report 1
A1: Microsoft Excel 16.0 Answer Report
A2: Worksheet: [NP_EX19_CS5-8a_MaritaEbrilian_2.xlsx]Suppliers
A3: Report Created: 4/24/2020 1:07:32 AM
A4: Result: Solver found a solution. All Constraints and optimality conditions are satisfied.
A5: Solver Engine
B6: Engine: GRG Nonlinear
B7: Solution Time: 0.032 Seconds.
B8: Iterations: 0 Subproblems: 0
A9: Solver Options
B10: Max Time Unlimited, Iterations Unlimited, Precision 0.000001
B11: Convergence 0.0001, Population Size 100, Random Seed 0, Derivatives Central
B12: Max Subproblems Unlimited, Max Integer Sols Unlimited, Integer Tolerance 1%, Assume NonNegative
A14: Objective Cell (Min)
B15: NONE
A18: Variable Cells
B19: Cell | C19: Name | D19: Original Value | E19: Final Value | F19: Integer
B20: $B$5 | C20: Units Produced Jenji Manufacturing | D20: 4000 | E20: 4000 | F20: Integer
B21: $C$5 | C21: Units Produced AS&P Electronics | D21: 3000 | E21: 3000 | F21: Integer
B22: $D$5 | C22: Units Produced Hancock Global | D22: 4000 | E22: 4000 | F22: Integer
A25: Constraints
B26: Cell | C26: Name | D26: Cell Value | E26: Formula | F26: Status | G26: Slack
B27: $E$10 | C27: Total costs Total | D27: 894495 | E27: $E$10<=925000 | F27: Not Binding | G27: 30505
B28: $E$5 | C28: Units Produced Total | D28: 11000 | E28: $E$5>=11000 | F28: Binding | G28: 0
B29: $B$5 | C29: Units Produced Jenji Manufacturing | D29: 4000 | E29: $B$5<=4000 | F29: Binding | G29: 0
B30: $C$5 | C30: Units Produced AS&P Electronics | D30: 3000 | E30: $C$5<=4000 | F30: Not Binding | G30: 1000
B31: $D$5 | C31: Units Produced Hancock Global | D31: 4000 | E31: $D$5<=4000 | F31: Binding | G31: 0
B32: $B$5:$D$5=Integer

Sheet Suppliers
A3: Virtual Assistant Suppliers
B4: Jenji Manufacturing | C4: AS&P Electronics | D4: Hancock Global | E4: Total
A5: Units Produced | B5: 4000 | C5: 3000 | D5: 4000 | E5: =SUM(B5:D5) -> 11000
A6: Fixed costs | B6: 70500 | C6: 74625 | D6: 84120
A7: Fixed costs per unit | B7: =IF(B5=0,0,B6/B5) -> 17.625 | C7: =IF(C5=0,0,C6/C5) -> 24.875 | D7: =IF(D5=0,0,D6/D5) -> 21.03
A8: Variable costs | B8: =B9*B5 -> 241000 | C8: =C9*C5 -> 182250 | D8: =D9*D5 -> 242000
A9: Variable cost per unit | B9: 60.25 | C9: 60.75 | D9: 60.5
A10: Total costs | B10: =IF(B5=0,0,B6+B8) -> 311500 | C10: =IF(C5=0,0,C6+C8) -> 256875 | D10: =IF(D5=0,0,D6+D8) -> 326120 | E10: =SUM(B10:D10) -> 894495
A13: Minimum total cost model
A15: =COUNT($B$5:$D$5) -> 3
A16: {=$B$5:$D$5<=4000} -> TRUE
A17: {=$B$5:$D$5=INT($B$5:$D$5)} -> TRUE
A18: =$E$10<=925000 -> TRUE
A19: =$E$5>=11000 -> TRUE
A20: ={32767,32767,0.000001,0.01,FALSE,FALSE,FALSE,1,2,1,0.0001,TRUE} -> 32767
A21: ={0,0,1,100,0,FALSE,FALSE,0.075,0,0,FALSE,30} -> 0

Sheet Scenario Summary
B2: Scenario Summary
D3: Current Values: | E3: Current | F3: Raise Prices | G3: Reduced Cost
E4: Created by Your Name on 11/11/2018 | F4: Created by Your Name on 11/11/2018 | G4: Created by Marita Ebrilian on 4/22/2020
B5: Changing Cells:
C6: Mini1_Price | D6: 119.99 | E6: 119.99 | F6: 129.99 | G6: 114.99
C7: Mini2_Price | D7: 129.99 | E7: 129.99 | F7: 139.99 | G7: 124.99
C8: VoiceXP_Price | D8: 139.99 | E8: 139.99 | F8: 149.99 | G8: 134.99
C9: VoiceXP10_Price | D9: 145.95 | E9: 145.95 | F9: 155.95 | G9: 140.95
C10: Waterproof_Price | D10: 135.95 | E10: 135.95 | F10: 145.95 | G10: 130.95
C11: Mini1_Fixed_Costs | D11: 265000 | E11: 265000 | F11: 265000 | G11: 265000
C12: Mini2_Fixed_Costs | D12: 270000 | E12: 270000 | F12: 270000 | G12: 270000
C13: VoiceXP_Fixed_Costs | D13: 279000 | E13: 279000 | F13: 279000 | G13: 279000
C14: VoiceXP10_Fixed_Costs | D14: 282000 | E14: 282000 | F14: 282000 | G14: 282000
C15: Waterproof_Fixed_Costs | D15: 280000 | E15: 280000 | F15: 280000 | G15: 280000
C16: Mini1_Variable_Cost | D16: 95 | E16: 95 | F16: 95 | G16: 95
C17: Mini2_Variable_Cost | D17: 105 | E17: 105 | F17: 105 | G17: 105
... C20: Waterproof_Variable_Cost | D20: 102 | E20: 102 | F20: 102 | G20: 102
B21: Result Cells:
C22: Mini1_Profit | D22: 11.838635 | E22: 11.838635 | F22: 21.838635 | G22: 6.8386352
C23: Mini2_Profit | D23: 9.1309692 | E23: 9.1309692 | F23: 19.130969 | G23: 4.1309692
C24: VoiceXP_Profit | D24: 9.3691574 | E24: 9.3691574 | F24: 19.369157 | G24: 4.3691574
C25: VoiceXP10_Profit | D25: 9.1655272 | E25: 9.1655272 | F25: 19.165527 | G25: 4.1655272
C26: Waterproof_Profit | D26: 7.9034884 | E26: 7.9034884 | F26: 17.903488 | G26: 2.9034884
B27: Notes: Current Values column represents values of changing cells at
B28: time Scenario Summary Report was created. Changing cells for each
B29: scenario are highlighted in gray.

Sheet Scenario PivotTable
A1: $B$6:$F$6,$B$11:$F$12 by | B1: (All)
A3: Row Labels | B3: Mini1_Profit | C3: Mini2_Profit | D3: VoiceXP_Profit | E3: VoiceXP10_Profit | F3: Waterproof_Profit
A4: Current | B4: 11.838635 | C4: 9.1309692 | D4: 9.3691574 | E4: 9.1655272 | F4: 7.9034884
A5: Raise Prices | B5: 21.838635 | C5: 19.130969 | D5: 19.369157 | E5: 19.165527 | F5: 17.903488
A6: Reduced Cost | B6: 6.8386352 | C6: 4.1309692 | D6: 4.3691574 | E6: 4.1655272 | F6: 2.9034884

Sheet Product Mix
B3: Mini 1 | C3: Mini 2 | D3: Voice XP | E3: Voice XP10 | F3: Waterproof
A4: Revenue
A5: Units sold | B5: 20150 | C5: 17025 | D5: 13530 | E5: 12945 | F5: 10750
A6: Price per unit | B6: 119.99 | C6: 129.99 | D6: 139.99 | E6: 145.95 | F6: 135.95
A7: Total sales | B7: =B5*B6 -> 2417798.5 | C7: =C5*C6 -> 2213079.8 | D7: =D5*D6 -> 1894064.7 | E7: =E5*E6 -> 1889322.7 | F7: =F5*F6 -> 1461462.5
A9: Cost of goods sold
A10: Units manufactured | B10: =B5 -> 20150 | C10: =C5 -> 17025 | D10: =D5 -> 13530 | E10: =E5 -> 12945 | F10: =F5 -> 10750
A11: Fixed costs | B11: 265000 | C11: 270000 | D11: 279000 | E11: 282000 | F11: 280000
A12: Variable cost per unit | B12: 95 | C12: 105 | D12: 110 | E12: 115 | F12: 97
A13: Variable costs | B13: =B10*B12 -> 1914250 | C13: =C10*C12 -> 1787625 | D13: =D10*D12 -> 1488300 | E13: =E10*E12 -> 1488675 | F13: =F10*F12 -> 1042750
A14: Total costs | B14: =B11+B13 -> 2179250 | C14: =C11+C13 -> 2057625 | D14: =D11+D13 -> 1767300 | E14: =E11+E13 -> 1770675 | F14: =F11+F13 -> 1322750
A16: Total profit | B16: =B7-B14 -> 238548.5 | C16: =C7-C14 -> 155454.75 | D16: =D7-D14 -> 126764.7 | E16: =E7-E14 -> 118647.75 | F16: =F7-F14 -> 138712.5
A17: Profit per unit sold | B17: =B16/B5 -> 11.838635 | C17: =C16/C5 -> 9.1309692 | D17: =D16/D5 -> 9.3691574 | E17: =E16/E5 -> 9.1655272 | F17: =F16/F5 -> 12.903488
